 Dungeon Crawl Stone Soup version 0.28-a0-1395-g4f6bc678fa (webtiles) character file.

Game seed: 12111975266376874815

18013 Delamore the Impaler (level 12, -1/91 HPs)
             Began as a Formicid Fighter on Jan 4, 2022.
             Was a High Priest of Okawaru.
             Slain by an orc knight (13 damage)
             ... on level 1 of the Orcish Mines.
             The game lasted 00:21:44 (16807 turns).

Delamore the Impaler (Formicid Fighter)            Turns: 16807, Time: 00:21:44

Health: -1/91      AC: 27    Str: 37    XL:     12   Next: 89%
Magic:  15/15      EV:  6    Int:  9    God:    Okawaru [*****.]
Gold:   417        SH: 10    Dex: 12    Spells: 11/11 levels left

rFire   . . .      SeeInvis +   a - +3 halberd (elec)
rCold   . . .      Faith    .   u - +0 kite shield
rNeg    . . .      Spirit   .   U - +8 crystal plate armour of Asceticism {*Corrode Will+ Dex+2}
rPois   .          Reflect  .   (helmet unavailable)
rElec   .          Harm     .   o - +0 cloak "Vejo" {Rampage Slay+2}
rCorr   .          Rampage  +   G - +0 pair of gloves
Will    ++...                   (no boots)
Stlth   ..........              (no amulet)
HPRegen 0.25/turn               E - +6 ring of strength
MPRegen 0.14/turn               Q - +6 ring of strength

@: no status effects
A: permanent stasis, dig shafts and tunnels, antennae 3, four strong arms
a: Dig, Shaft Self, Renounce Religion, Heroism, Finesse, Duel


You were on level 1 of the Orcish Mines.
You worshipped Okawaru.
Okawaru was extremely pleased with you.
You visited 3 branches of the dungeon, and saw 14 of its levels.
You also visited: Ossuary and Bailey.

You collected 717 gold pieces.
You spent 300 gold pieces at shops.

Inventory:

Hand Weapons
 a - a +3 halberd of electrocution (weapon)
 J - a +3 halberd of draining
 R - the +10 glaive "Fayxis" {drain, Will+ rCorr}
   (Okawaru gifted it to you on level 10 of the Dungeon)

   A truly terrible weapon, it drains the life of any living foe it strikes.
   rCorr:     It protects you from acid and corrosion.
   Will:      It increases your willpower.
 S - a +2 glaive of protection
Missiles
 b - 4 throwing nets
 f - 42 poisoned darts
 x - 3 boomerangs (quivered)
 I - 2 curare-tipped darts
 T - 4 silver javelins
Armour
 o - the +0 cloak "Vejo" (worn) {Rampage Slay+2}
   (You acquired it on level 7 of the Dungeon)

   Slay:      It affects your accuracy & damage with ranged weapons and melee
   (+2).
   Rampage:   It bestows one free step when moving towards enemies.
 u - a +0 kite shield (worn)
 G - a +0 pair of gloves (worn)
 N - a +0 plate armour
 U - the +8 crystal plate armour of Asceticism (worn) {*Corrode Will+ Dex+2}
   (Okawaru gifted it to you on level 1 of the Orcish Mines)

   Dex:       It affects your dexterity (+2).
   *Corrode:  It may corrode you when you take damage.
   Will:      It increases your willpower.
Jewellery
 r - a ring of wizardry
 E - a +6 ring of strength (left hand)
 F - a +4 ring of evasion
 Q - a +6 ring of strength (right hand)
Wands
 i - a wand of paralysis (5)
 q - a wand of digging (7)
 s - a wand of iceblast (9)
 v - a wand of polymorph (20)
Scrolls
 e - 3 scrolls of enchant weapon
 j - 2 scrolls of vulnerability
 n - 2 scrolls of immolation
 w - 2 scrolls of amnesia
 y - a scroll of enchant armour
 z - 3 scrolls of summoning
 A - a scroll of teleportation
 B - 2 scrolls of silence
 H - a scroll of holy word
 O - 2 scrolls of blinking
 P - a scroll of noise
Potions
 c - a potion of curing
 d - 3 potions of might
 g - 4 potions of magic
 h - 4 potions of haste
 k - 2 potions of degeneration {unknown}
 l - 3 potions of heal wounds
 m - a potion of resistance
 p - 5 potions of flight
 t - 4 potions of mutation
 C - 3 potions of attraction {unknown}
 D - 4 potions of ambrosia
 K - a potion of cancellation {unknown}
 L - a potion of brilliance
 M - a potion of invisibility


   Skills:
 + Level 7.1 Fighting
 + Level 16.7 Polearms
 - Level 5.0 Throwing
 - Level 5.0 Armour
 - Level 9.0 Shields
 - Level 4.0 Invocations


You had 11 spell levels left.
You didn't know any spells.
Your spell library contained the following spells:

 Spells                   Type           Power      Damage    Failure   Level
 Magic Dart               Conj           0%         1d3       100%        1
 Shock                    Conj/Air       0%         1d3       100%        1
 Searing Ray              Conj           0%         2d4       100%        2
 Portal Projectile        Hex/Tloc       0%         N/A       100%        3
 Airstrike                Air            0%         N/A       100%        4
 Fulminant Prism          Conj/Hex       0%         3d6       100%        4
 Leda's Liquefaction      Hex/Erth       0%         N/A       100%        4
 Conjure Ball Lightning   Conj/Air       0%         3x3d6     100%        6
 Discord                  Hex            0%         N/A       100%        8
 Disjunction              Tloc           0%         N/A       100%        8
 Call Canine Familiar     Summ           Unusable   N/A       N/A         3
 Swiftness                Air            Unusable   N/A       N/A         3

Dungeon Overview and Level Annotations

Branches:
Dungeon (11/15)            Temple (1/1) D:5             Orc (2/2) D:10
Ossuary (visited)          Bailey (visited)
   Lair: D:8-11         Elf: Orc:2

Altars:
Ashenzari
Cheibriados
Dithmenos
Elyvilon
Fedhas
Hepliaklqana
Kikubaaqudgha
Makhleb
Nemelex Xobeh
Okawaru
Ru
Sif Muna
Trog
Vehumet
Wu Jian
Xom
Yredelemnul
The Shining One

Shops:
D:8 (   D:9 *   Orc:2 *


Innate Abilities, Weirdness & Mutations

You cannot be hasted, slowed, berserked, paralysed or teleported.
You can dig through walls and to a lower floor.
You have a pair of large antennae on your head. (SInv)
Your four strong arms can wield two-handed weapons with a shield.


Message History

The orc warrior is moderately wounded.
You block the orc warrior's attack. x2
You reach to attack!
You slice the orc warrior!!
Lightning courses through the orc warrior!!
You kill the orc warrior!
Okawaru accepts your kill. You block the orc warrior's attack.
You reach to attack!
You closely miss the orc knight.
The orc priest casts a cantrip, but nothing happens.
You slice the orc knight!!
The orc knight is moderately wounded.
The orc warrior hits you from afar with a +0 glaive!!
The orc priest begins to cast a cantrip, but forgets the words!
You block the orc warrior's attack. You block the orc knight's attack.
You climb upwards.
There is a stone staircase leading down here.
You barely miss the orc knight.
The orc knight is moderately wounded.
The orc knight barely misses you.
You slash the orc knight!
The orc knight is heavily wounded.
You closely miss the orc knight.
The orc knight is heavily wounded.
You block the orc knight's attack.
You hit the orc knight.
The orc knight is heavily wounded.
You block the orc knight's attack.
You closely miss the orc knight.
The orc knight is heavily wounded.
You puncture the orc knight!
The orc knight is severely wounded.
You block the orc knight's attack.
You closely miss the orc knight.
The orc knight is severely wounded.
The orc knight hits you with a +0 great mace!!
* * * LOW HITPOINT WARNING * * *
You completely miss the orc knight.
The orc knight is severely wounded.
The orc knight hits you with a +0 great mace!
You die...

...).# #....###.......[......##
.##..###.....#..............##
##....#.#..............#[....##
#....#..........##............#
##............................#
###.#.##....................##
##...##.......#.##........##
##...##......)o.......#.....#
#.............@[...........##
##.............()............#
#...##...[...#...............##
##............#.....#.........#
##..##........................#
#...###......#...............##
##.## ###...###..............#
### ##...##...........#.##
##.##.........#.####


You could see an orc knight.

Vanquished Creatures
  Saint Roka (Orc:1)
  An orc warlord (Orc:1)
  Erolcha (Orc:1)
  Harold (D:8)
  A two-headed ogre (D:9)
  Erica (D:8)
  Sonja (Orc:1)
  An orc sorcerer (Orc:1)
  Maurice (D:8)
  An unseen horror (D:10)
  Psyche (D:9)
  A kobold demonologist (D:10)
  3 trolls
  A hornet (D:9)
  Prince Ribbit (D:5)
  Grinder (D:3)
  Sigmund (D:5)
  11 yaks
  A wraith (D:10)
  A steam dragon (D:7)
  4 wargs (Orc:1)
  2 water moccasins
  2 sky beasts
  31 orc warriors
  2 black bears
  A necrophage (D:6)
  6 centaurs
  4 ogres
  A bullfrog (D:8)
  2 scorpions
  A water moccasin skeleton (D:4)
  4 killer bees
  3 wights (D:9)
  2 electric eels (D:9)
  A howler monkey (D:7)
  A bullfrog zombie (D:6)
  8 centaur zombies
  7 hounds
  3 jellies
  2 gnoll shamans
  8 orc priests
  2 bullfrog skeletons
  2 centaur skeletons
  2 iguanas
  17 orc wizards
  A howler monkey zombie (D:6)
  6 mummies (Ossuary)
  A howler monkey skeleton (D:6)
  10 adders
  22 gnolls
  A worm (D:3)
  4 dart slugs
  71 orcs
  6 ball pythons
  6 bats
  9 endoplasms
  2 giant cockroaches (D:3)
  4 hobgoblins
  8 jackals
  3 quokkas
  5 frilled lizards
  12 goblins
  2 kobolds (D:1)
  3 rats
326 creatures vanquished.

Vanquished Creatures (others)
  A plant (D:9)
1 creature vanquished.

Grand Total: 327 creatures vanquished

Notes
Turn   | Place    | Note
-------+----------+-------------------------------------------
     0 | D:1      | Delamore the Formicid Fighter began the quest for the Orb.
     0 | D:1      | Reached XP level 1. HP: 18/18 MP: 1/1
   112 | D:1      | Reached XP level 2. HP: 24/24 MP: 2/2
   281 | D:1      | Reached skill level 3 in Polearms
   607 | D:1      | Reached XP level 3. HP: 29/29 MP: 3/3
  1158 | D:2      | Reached skill level 4 in Polearms
  1158 | D:2      | Reached XP level 4. HP: 35/35 MP: 4/4
  1882 | D:3      | Noticed Grinder
  1901 | D:3      | Killed Grinder
  1902 | D:3      | Reached skill level 6 in Polearms
  1902 | D:3      | Reached XP level 5. HP: 11/41 MP: 5/5
  1902 | D:3      | Reached XP level 6. HP: 12/47 MP: 6/6
  2235 | D:3      | Found a faded altar of an unknown god.
  3198 | D:4      | Noticed a sky beast
  3213 | D:4      | Killed a sky beast
  3214 | D:4      | Reached skill level 7 in Polearms
  3214 | D:4      | Reached XP level 7. HP: 19/52 MP: 7/7
  3664 | D:4      | Reached skill level 8 in Polearms
  4113 | D:5      | Entered Level 5 of the Dungeon
  4125 | D:5      | Reached XP level 8. HP: 51/58 MP: 8/8
  4199 | D:5      | Reached skill level 9 in Polearms
  4536 | D:5      | Noticed Prince Ribbit
  4557 | D:5      | Killed Prince Ribbit
  4734 | D:5      | Found a basalt altar of Yredelemnul.
  4768 | D:5      | Noticed Sigmund
  4781 | D:5      | Killed Sigmund
  4782 | D:5      | Reached skill level 10 in Polearms
  4980 | D:5      | Found a staircase to the Ecumenical Temple.
  5062 | Temple   | Entered the Ecumenical Temple
  5110 | Temple   | Became a worshipper of Warmaster Okawaru
  5266 | D:5      | Reached XP level 9. HP: 51/64 MP: 9/9
  5679 | D:6      | Reached skill level 5 in Shields
  5951 | D:6      | Reached * piety under Okawaru
  5952 | D:6      | Reached skill level 11 in Polearms
  7420 | D:7      | Found a sand-covered staircase.
  7425 | Ossuary  | Entered an ossuary
  7755 | Ossuary  | Reached ** piety under Okawaru
  7996 | D:7      | Reached XP level 10. HP: 70/70 MP: 10/10
  8279 | D:7      | Identified a scroll of acquirement
  8280 | D:7      | Acquired the +0 cloak "Vejo" {Rampage Slay+2}
  8764 | D:8      | Noticed Maurice
  8776 | D:8      | Killed Maurice
  8777 | D:8      | Reached skill level 12 in Polearms
  8809 | D:8      | Reached *** piety under Okawaru
  8870 | D:8      | Identified the +7 quarterstaff of Uncomfortable Rashes
                  | {speed, rCorr Str+6 Stlth-}
  8909 | D:8      | Reached skill level 13 in Polearms
  8992 | D:8      | Found a flagged portal.
  9007 | Bailey   | Entered a bailey
  9608 | D:8      | Noticed Harold
  9625 | D:8      | Killed Harold
  9879 | D:8      | Found Duarued's Weapon Boutique.
  9892 | D:8      | Noticed Erica
  9899 | D:8      | Killed Erica
  9899 | D:8      | Reached **** piety under Okawaru
  9900 | D:8      | Reached skill level 14 in Polearms
  9900 | D:8      | Reached XP level 11. HP: 46/75 MP: 11/11
 10782 | D:9      | Found Wonompig's Assorted Antiques.
 10787 | D:9      | Bought a sedimented white potion for 34 gold pieces
 10787 | D:9      | Bought a scroll labelled LELOSHRAA ORGHUY for 38 gold
                  | pieces
 10787 | D:9      | Bought a scroll labelled AFYEQO WOIC for 38 gold pieces
 10787 | D:9      | Bought a scroll labelled KUTZUL VAGGEWN for 38 gold pieces
 10787 | D:9      | Bought a scroll of identify for 76 gold pieces
 10787 | D:9      | Bought a scroll of identify for 76 gold pieces
 11365 | D:9      | Identified the +0 ring mail of Inifaut {rCorr}
 11396 | D:9      | Noticed a two-headed ogre
 11421 | D:9      | Killed a two-headed ogre
 11422 | D:9      | Reached skill level 15 in Polearms
 11452 | D:9      | Reached ***** piety under Okawaru
 11683 | D:9      | Noticed Psyche
 11961 | D:9      | Killed Psyche
 12189 | D:10     | Entered Level 10 of the Dungeon
 12204 | D:10     | Identified the +10 glaive "Fayxis" {drain, Will+ rCorr}
                  | (Okawaru gifted it to you on level 10 of the Dungeon)
 12204 | D:10     | Received a gift from Okawaru
 12487 | D:10     | Found a staircase to the Orcish Mines.
 12762 | D:10     | Identified the +0 ring mail of Amorality {rF+ Stlth+}
 12808 | D:10     | Reached skill level 1 in Throwing
 12937 | D:11     | Noticed a seven-headed hydra
 12974 | D:11     | Noticed a phantasmal warrior
 13002 | Orc:1    | Entered Level 1 of the Orcish Mines
 13002 | Orc:1    | Noticed Sonja
 13005 | Orc:1    | Killed Sonja
 13006 | Orc:1    | Noticed an orc sorcerer
 13015 | Orc:1    | Killed an orc sorcerer
 13139 | Orc:2    | Entered Level 2 of the Orcish Mines
 13139 | Orc:2    | Found Uxurewecat's General Store.
 13167 | Orc:1    | Reached skill level 16 in Polearms
 13169 | Orc:1    | Reached XP level 12. HP: 54/84 MP: 12/12
 13700 | Orc:1    | Noticed Erolcha
 13709 | Orc:1    | Killed Erolcha
 13709 | Orc:1    | Received a gift from Okawaru
 13710 | Orc:1    | Reached skill level 5 in Fighting
 13710 | Orc:1    | Reached skill level 5 in Armour
 14960 | Orc:2    | Noticed Saint Roka
 14961 | Orc:2    | Noticed an orc warlord
 15789 | Orc:1    | Identified the +8 crystal plate armour of Asceticism
                  | {*Corrode Will+ Dex+2} (Okawaru gifted it to you on level 1
                  | of the Orcish Mines)
 15789 | Orc:1    | Received a gift from Okawaru
 16021 | Orc:1    | Reached skill level 1 in Invocations
 16203 | Orc:1    | Killed an orc warlord
 16477 | Orc:1    | Killed Saint Roka
 16478 | Orc:1    | Reached skill level 5 in Throwing
 16807 | Orc:1    | Slain by an orc knight

Illustrated notes

Levels and vault maps discovered:
D:1:      matt_arrival_refuge, layout_loops_cross, minivault_24
D:2:      layout_loops_ring, serial_glass, glass_columns_b, glass_columns_a
D:3:      minmay_razor_zed, layout_loops_corners,
          chequers_ecumenical_altar_island,
          wander_ebering_terrifying_dragon_lair, uniq_grinder
D:4:      layout_rooms
D:5:      layout_loops_ring, mainiacjoe_overflow_concentric_impassable,
          minmay_temple_entry_fiery, uniq_prince_ribbit1, uniq_sigmund
D:6:      layout_loops_ring
D:7:      layout_layer_cave, enter_ossuary_2, minmay_misc_feat_more_columns
D:8:      layout_loops_corners, serial_shops, shop,
          lightli_bailey_entry_fortress, uniq_maurice, uniq_harold, uniq_erica
D:9:      layout_loops_ring, serial_shops, nicolae_shop_hallway_plus,
          glass_columns_a, serial_bayou_ford_a, feat_on_display, uniq_psyche
D:10:     nicolae_cairo_tiling, layout_gridville, david_orc_2
D:11:     layout_basic, minmay_lair_entry_grove, gammafunk_ghost_grave,
          uniq_snorg, uniq_josephine
Temple:   compressed_dpeg_triangle_lava_temple
Orc:1:    layout_caves, uniq_erolcha, uniq_sonja
Orc:2:    st_orc_rangers, layout_caves, serial_shops, shop, uniq_saint_roka

Skill      XL: |  1  2  3  4  5  6  7  8  9 10 11 12 |
---------------+-------------------------------------+-----
Polearms       | 3 4 6 7 8 10 11 14 16 | 16.7
Shields        | 4 7 9 |  9.0
Throwing       | 2 5 |  5.0
Fighting       | 4 7 |  7.1
Armour         | 4 5 |  5.0
Invocations    | 4 |  4.0

Action                   |  1- 3 |  4- 6 |  7- 9 | 10-12 || total
-------------------------+-------+-------+-------+-------++-------
Melee: Hand axe          |    60 |   102 |   286 |       ||   448
       Trident           |     1 |       |    83 |   112 ||   196
       Halberd           |       |       |       |   481 ||   481
       Quarterstaff      |       |       |       |     6 ||     6
       Glaive            |       |       |       |    16 ||    16
       Unarmed           |       |       |       |    15 ||    15
Throw: Dart              |       |     9 |     7 |     1 ||    17
       Boomerang         |       |       |       |    12 ||    12
Invok: Heroism           |       |       |       |     4 ||     4
       Finesse           |       |       |       |     3 ||     3
 Abil: Dig               |       |     2 |       |       ||     2
Evoke: Wand              |       |       |       |     1 ||     1
  Use: Scroll            |     9 |     4 |     3 |     9 ||    25
       Potion            |       |     1 |     3 |     9 ||    13
 Stab: Invisible         |       |       |     2 |     1 ||     3
Armor: Scale mail        |    25 |    33 |    44 |       ||   102
       Skin              |       |       |     9 |       ||     9
       Chain mail        |       |       |   130 |    37 ||   167
       Plate armour      |       |       |       |    86 ||    86
       Crystal plate arm |       |       |       |    13 ||    13
Dodge: Dodged            |    28 |    40 |   114 |   200 ||   382
Block: Buckler           |    10 |    17 |    34 |       ||    61
       Kite shield       |       |       |   106 |   236 ||   342

Table legend: (Time is in decaauts)
 A = Elapsed time spent in this place.
 B = Non-inter-level travel time spent in this place.
 C = Inter-level travel time spent in this place.
 D = Time resting spent in this place.
 E = Time spent auto-exploring this place.
 F = Levels seen in this place.
 G = Mean time per level.
                   A        B        C        D        E       F      G
               +--------+--------+--------+--------+--------+-----+--------+
         Total |  16686 |  15991 |    695 |   4786 |   8629 |  16 | 1042.9 |
       Dungeon |  11969 |  11435 |    534 |   1919 |   7719 |  11 | 1088.1 |
        Temple |     57 |     49 |      8 |      0 |     34 |   1 |   57.0 |
  Orcish Mines |   3734 |   3581 |    153 |   2565 |    545 |   2 | 1867.0 |
       Ossuary |    453 |    453 |      0 |    209 |    118 |   1 |  453.0 |
        Bailey |    471 |    471 |      0 |     93 |    213 |   1 |  471.0 |
               +--------+--------+--------+--------+--------+-----+--------+

Top non-repeatable levels by time:
   Orc:1: 3545 daAuts
     D:9: 1714 daAuts
     D:3: 1656 daAuts
     D:6: 1558 daAuts
     D:8: 1516 daAuts
     D:5: 1432 daAuts
     D:4: 1173 daAuts
     D:1: 813 daAuts
     D:7: 788 daAuts
     D:2: 746 daAuts
    D:10: 540 daAuts
  Bailey: 471 daAuts
 Ossuary: 453 daAuts
   Orc:2: 188 daAuts
  Temple: 57 daAuts
